 Dungeon Crawl Stone Soup version bcrawl-1.26.1 (webtiles) character file.

Game seed: 7158218216016990548

172127 Goodini51 the Sneak (level 7, -16/45 HPs)
             Began as a Kobold Spelunker on July 12, 2020.
             Demolished by an ogre
             ... wielding a +0 giant club
              (19 damage)
             ... on level 5 of the Dungeon.
             The game lasted 00:09:46 (3650 turns).

Goodini51 the Sneak (Kobold Spelunker)              Turns: 3650, Time: 00:09:46

Health: -16/45     AC:  4    Str: 11    XL:     7   Next: 10%
Magic:  10/10      EV: 14    Int: 14    God:
Gold:   278        SH:  0    Dex: 14    Spells: 7/10 levels left

rFire    . . .     SeeInvis .   a - +1 dagger
rCold    . . .     Gourm    .   (shield restricted)
rNeg     . . .     Faith    .   b - +0 leather armour
rPois    .         Spirit   .   (no helmet)
rElec    .         Reflect  .   (no cloak)
rCorr    .         Harm     .   (no gloves)
MR       .....                  c - +0 pair of boots
Stlth    +++.......             (no amulet)
HPRegen  0.15/turn              (no ring)
MPRegen  0.12/turn              (no ring)

@: no status effects
A: small, talons 1, carnivore, mutation resistance 1
a: no special abilities


You were on level 5 of the Dungeon.
You were not hungry.

You visited 1 branch of the dungeon, and saw 5 of its levels.

You collected 278 gold pieces.

Inventory:

Hand Weapons
 a - a +1 dagger (weapon)
 k - a +0 dagger of protection
 q - a +0 short sword of draining
Armour
 b - a +0 leather armour (worn)
 c - a +0 pair of boots (worn)
Wands
 d - a wand of digging (10)
Scrolls
 f - a scroll of noise
 l - a scroll of immolation
 m - a scroll of fog {unknown}
 n - a scroll of teleportation {unknown}
 p - a scroll of enchant armour {unknown}
 r - a scroll of remove curse {unknown}
Potions
 h - a potion of agility {unknown}
 i - a potion of flight {unknown}
 j - a potion of might {unknown}
 o - 2 potions of curing {unknown}
 s - 2 potions of heal wounds {unknown}
Miscellaneous
 g - a lamp of fire
Comestibles
 e - 10 rations {!d}


   Skills:
 + Level 2.9 Fighting
 * Level 4.9 Short Blades
 + Level 1.8 Armour
 + Level 2.5 Dodging
 * Level 7.7 Stealth
 + Level 2.2 Spellcasting
 + Level 1.8 Hexes
 + Level 1.3 Transmutations
 + Level 2.1 Earth Magic
 + Level 2.8 Evocations


You had 7 spell levels left.
You knew the following spells:

 Your Spells              Type           Power        Failure   Level  Hunger
a - Corona                Hex            #......      14%         1    #......
b - Passwall              Tmut/Erth      #.......     22%         2    ###....
Your spell library was empty.

Dungeon Overview and Level Annotations

Branches:
Dungeon (5/12)
 Temple: D:4-7

Altars:
Elyvilon
Lugonu
Makhleb
Uskayaw
Zin
The Shining One

Annotations:
D:4 Menkaure


Innate Abilities, Weirdness & Mutations

You are small and have problems with some larger weapons.
You have sharp toenails.
You are carnivorous and can eat meat at any time.
You are somewhat resistant to further mutation.


Message History

The centaur shoots an arrow.
The arrow completely misses you.
* * * LOW HITPOINT WARNING * * *
You feel sick.
You are no longer poisoned.
The ogre closely misses you.
There is an open door here.
You hit the ogre.
The ogre is heavily wounded.
You hit the ogre.
The ogre is severely wounded.
The ogre misses you.
You closely miss the ogre.
The ogre is severely wounded.
The ogre barely misses you.
You hit the ogre.
The ogre is severely wounded.
You hit the ogre but do no damage.
The ogre is severely wounded.
The ogre hits you with a +0 giant club!!
You die...

##'## #.# #.#
##.## ##...##
#.....#
##.###...##
........#########
...###.cO@.......
# ##.#########
#.# #.# #.######
#......# #.####.#
#.####.########
###.#...(.......#


You could see an ogre and a centaur.

Vanquished Creatures
  Sigmund (D:2)
  2 crimson imps (D:4)
  An orc wizard (D:3)
  A worker ant (D:4)
  A gnoll (D:3)
  2 adders
  2 worms (D:2)
  A dart slug (D:1)
  5 leopard geckos
  11 orcs
  3 giant cockroaches
  7 goblins
  12 hobgoblins
  6 jackals (D:4)
  A quokka (D:3)
  2 ball pythons
  10 bats
  2 frilled lizards (D:1)
  4 kobolds
  4 rats
78 creatures vanquished.

Notes
Turn   | Place    | Note
-------+----------+-------------------------------------------
     0 | D:1      | Goodini51 the Kobold Spelunker began the quest for the Orb.
     0 | D:1      | Reached XP level 1. HP: 14/14 MP: 3/3
   201 | D:1      | Reached XP level 2. HP: 19/19 MP: 5/5
   297 | D:1      | Reached skill level 5 in Stealth
   444 | D:1      | Reached XP level 3. HP: 24/24 MP: 6/6
  1020 | D:2      | Found a corrupted altar of Lugonu.
  1229 | D:2      | Noticed Sigmund
  1235 | D:2      | Killed Sigmund
  1235 | D:2      | Reached skill level 1 in Armour
  1235 | D:2      | Reached skill level 1 in Dodging
  1235 | D:2      | Reached skill level 7 in Stealth
  1235 | D:2      | Reached XP level 4. HP: 30/30 MP: 7/7
  1235 | D:2      | Reached XP level 5. HP: 35/35 MP: 8/8
  1235 | D:2      | Reached XP level 6. HP: 41/41 MP: 9/9
  1639 | D:2      | Found a hide-covered altar of Uskayaw.
  2490 | D:3      | Found a burning altar of Makhleb.
  2554 | D:3      | Found a glowing silver altar of Zin.
  2555 | D:3      | Noticed an angel
  2556 | D:3      | Noticed a green death
  2926 | D:3      | Found a white marble altar of Elyvilon.
  2926 | D:3      | Found a glowing golden altar of the Shining One.
  3317 | D:4      | Reached XP level 7. HP: 28/45 MP: 10/10
  3497 | D:4      | Noticed Menkaure
  3507 | D:5      | Entered Level 5 of the Dungeon
  3634 | D:5      | HP: 2/45 [centaur/arrow (10)]
  3650 | D:5      | Demolished by an ogre

Skill      XL: |  1  2  3  4  5  6 |
---------------+-------------------+-----
Stealth        | 5 7 |  7.7
Short Blades   | 3 4 |  4.9
Armour         | 1 |  1.8
Dodging        | 1 2 |  2.5
Fighting       | |  2.9
Spellcasting   | |  2.2
Hexes          | |  1.8
Transmutations | |  1.3
Earth Magic    | |  2.1
Evocations     | |  2.8

Action                   |  1- 3 |  4- 6 |  7- 9 || total
-------------------------+-------+-------+-------++-------
Melee: Dagger            |   123 |   317 |    26 ||   466
  Use: Scroll            |       |     2 |       ||     2
 Stab: Sleeping          |    13 |    11 |       ||    24
  Eat: Chunk             |     2 |     7 |       ||     9
Armor: Leather armour    |    32 |    62 |     1 ||    95
Dodge: Dodged            |    75 |   172 |    17 ||   264
